 Dungeon Crawl Stone Soup version 0.30.0 (webtiles) character file.

Game seed: 10128255168884051107

792 blob the Covert (level 7, 0/33 HPs)
             Began as a Spriggan Enchanter on May 6, 2023.
             Was a Follower of Okawaru.
             Succumbed to a water moccasin's poison
             ... on level 6 of the Dungeon.
             The game lasted 00:31:45 (4889 turns).

blob the Covert (Spriggan Enchanter)                Turns: 4889, Time: 00:31:46

Health: 0/33       AC:  2    Str:  4    XL:     7   Next: 57%
Magic:  12/13      EV: 20    Int: 17    God:    Okawaru [*.....]
Gold:   269        SH:  0    Dex: 17    Spells: 5/13 levels left

rFire   . . .        e - +4 dagger (venom)
rCold   . . .        (no shield)
rNeg    . . .        b - +0 robe
rPois   .            (helmet restricted)
rElec   .            (no cloak)
rCorr   .            (gloves unavailable)
SInv    +            (boots unavailable)
Will    +....        (no amulet)
Stlth   ++++         (no ring)
HPRegen 0.25/turn    (no ring)
MPRegen 0.13/turn

%: no passive effects
@: lethally poisoned (0 -> -10), very quick
A: very small, no large weapons, unfitting armour, see invisible, speed 3
a: Renounce Religion, Heroism


You were on level 6 of the Dungeon.
You worshipped Okawaru.
Okawaru was aware of your devotion.
You visited 2 branches of the dungeon, and saw 7 of its levels.

You collected 269 gold pieces.

Inventory:

Hand Weapons
 a - a +1 dagger
 e - a +4 dagger of venom (weapon)
 l - a +2 dagger of speed
Armour
 b - a +0 robe (worn)
Jewellery
 k - a ring of ice
Scrolls
 d - 3 scrolls of teleportation {unknown}
 f - 8 scrolls of identify {unknown}
 h - a scroll of brand weapon {unknown}
 i - a scroll of enchant armour {unknown}
 m - a scroll of poison {unknown}
 o - a scroll of amnesia {unknown}
 p - 2 scrolls of noise {unknown}
 q - a scroll of blinking {unknown}
 r - a scroll of magic mapping {unknown}
 v - a scroll of enchant weapon {unknown}
Potions
 c - a potion of invisibility
 g - 3 potions of resistance
 j - 4 potions of curing {unknown}
 n - a potion of might
 s - a potion of cancellation {unknown}
 t - a potion of flight {unknown}
 u - a potion of heal wounds {unknown}


   Skills:
 + Level 1.1 Fighting
 + Level 3.9 Short Blades
 + Level 5.5 Dodging
 + Level 8.9 Stealth
 + Level 3.9 Spellcasting
 + Level 5.2 Hexes
 + Level 0.7 Ice Magic


You had 5 spell levels left.
You knew the following spells:

 Your Spells              Type           Power      Damage    Failure   Level
a - Ensorcelled Hibernat  Hex/Ice        26%        N/A       7%          2
b - Tukima's Dance        Hex            21%        N/A       5%          3
c - Confusing Touch       Hex            21%        N/A       5%          3

Your spell library contained the following spells:

 Spells                   Type           Power      Damage    Failure   Level
 Apportation              Tloc           6%         N/A       16%         1
 Necrotise                Necr           12%        1d4       16%         1
 Dazzling Flash           Conj/Hex       24%        N/A       16%         3
 Sublimation of Blood     Necr           3%         N/A       24%         2
 Wereblood                Tmut           3%         N/A       24%         2
 Summon Small Mammal      Summ           Unusable   N/A       N/A         1
 Summon Hydra             Summ           Unusable   N/A       N/A         7

Dungeon Overview and Level Annotations

Branches:
Dungeon (6/15)             Temple (1/1) D:4

Altars:
Nemelex Xobeh
Okawaru
Qazlal
Ru
Trog
Uskayaw
Yredelemnul
Zin
The Shining One


Innate Abilities, Weirdness & Mutations

You are very small and have problems with some larger weapons.
You are too small for most types of armour.
You have supernaturally acute eyesight. (SInv)
You cover ground extremely quickly. (Speed+++)


Message History

The black bear is moderately wounded.
Aiming: Ensorcelled Hibernation (safe; 7% risk of failure)
Press: ? - help, Q - select action, (/) - cycle Shift-Dir - straight line, f - black bear
Aim: a black bear (heavily wounded, poisoned, chance to affect: 47%)
The black bear resists with some effort.
The water moccasin hisses angrily.
You barely miss the black bear.
The black bear is heavily wounded.
The black bear looks more healthy.
The black bear closely misses you. The black bear completely misses you.
The black bear closely misses you.
There is an open door here.
The water moccasin completely misses you.
You hit the water moccasin.
The water moccasin is lightly wounded.
The water moccasin barely misses you.
You barely miss the water moccasin.
The water moccasin is lightly wounded.
The water moccasin closely misses you.
You hit the water moccasin.
The water moccasin is moderately wounded.
The water moccasin bites you!
You miss the water moccasin.
The water moccasin is moderately wounded.
The water moccasin bites you!
You closely miss the water moccasin.
The water moccasin is moderately wounded.
The water moccasin bites you.
You are poisoned.
The water moccasin poisons you!
You hit the water moccasin. Your punch misses the water moccasin.
The water moccasin is heavily wounded.
You feel very sick. The water moccasin bites you!
* * * LOW HITPOINT WARNING * * *
The water moccasin closely misses you.
* * * LOW HITPOINT WARNING * * *
You feel sick.
* * * LOW HITPOINT WARNING * * *
You feel sick.
You die...

#.#.####........# #.......
....####........# #####+##.......
....#...........# #..............
................# #.............
................# #.........#
...#.........h..# #.........#
)).#........#'### #.##+##...#####
.).....######S#####..............
.####### #...@.'.....)..###### .#
#.#####......รท.# .#
###########...........# .#
#........##.##........# .#
#........##.##........# .#
#........##.##........# .#
#........##.##......(.# .#
####.....##.####......# ##
#...<....).##......#


You could see a water moccasin.

Vanquished Creatures
  A centaur (D:5)
  3 ogres
  A kobold brigand (D:6)
  A hound (D:5)
  A jelly (D:6)
  3 iguanas
  3 orc wizards (D:6)
  4 gnolls (D:3)
  9 adders
  A shadow imp (D:6)
  An ufetubus (D:4)
  A worm (D:2)
  3 dart slugs
  5 orcs
  3 endoplasms
  2 giant cockroaches
  4 goblins
  A hobgoblin (D:1)
  11 kobolds
  A quokka (D:1)
  4 ball pythons
  4 bats
  3 frilled lizards
70 creatures vanquished.

Vanquished Creatures (others)
  13 plants
13 creatures vanquished.

Grand Total: 83 creatures vanquished

Notes
Turn   | Place    | Note
-------+----------+-------------------------------------------
     0 | D:1      | blob the Spriggan Enchanter began the quest for the Orb.
     0 | D:1      | Reached XP level 1. HP: 9/9 MP: 5/5
   147 | D:1      | Reached XP level 2. HP: 9/13 MP: 6/6
   151 | D:1      | Learned a level 2 spell: Ensorcelled Hibernation
   259 | D:1      | Reached skill level 5 in Stealth
  1029 | D:2      | Reached XP level 3. HP: 15/16 MP: 8/8
  1033 | D:2      | Learned a level 3 spell: Tukima's Dance
  1102 | D:2      | You fall into a shaft and drop 2 floors!
  1122 | D:4      | Noticed an ogre
  1129 | D:4      | Killed an ogre
  1130 | D:4      | Reached skill level 6 in Stealth
  1130 | D:4      | Reached XP level 4. HP: 21/21 MP: 9/9
  1152 | D:4      | Found a bloodstained altar of Trog.
  1308 | D:4      | Learned a level 3 spell: Confusing Touch
  1452 | D:4      | Identified the +4 dagger of the Imperium {vamp, *Slow rN+
                  | Str+4}
  1654 | D:4      | Found a staircase to the Ecumenical Temple.
  1669 | Temple   | Entered the Ecumenical Temple
  1879 | D:5      | Entered Level 5 of the Dungeon
  2118 | D:3      | Reached XP level 5. HP: 22/24 MP: 10/10
  2632 | D:3      | Found an iron altar of Okawaru.
  2679 | D:3      | Found a basalt altar of Yredelemnul.
  2709 | D:3      | Became a worshipper of Warmaster Okawaru
  2844 | D:3      | Found a glowing golden altar of the Shining One.
  3099 | D:5      | Reached skill level 7 in Stealth
  3200 | D:5      | Noticed an ogre
  3204 | D:5      | Killed an ogre
  3205 | D:5      | Reached XP level 6. HP: 29/29 MP: 10/12
  3481 | D:5      | Reached * piety under Okawaru
  3482 | D:5      | Reached skill level 5 in Dodging
  3800 | D:5      | Found a hide-covered altar of Uskayaw.
  3885 | D:5      | Reached skill level 8 in Stealth
  4141 | D:6      | Reached skill level 5 in Hexes
  4141 | D:6      | Reached XP level 7. HP: 32/32 MP: 10/13
  4502 | D:6      | Reached skill level 1 in Fighting
  4889 | D:6      | Succumbed to a water moccasin's poison

Illustrated notes

Levels and vault maps discovered:
D:1:      scummos_arrival_simple_crosswalls, layout_rooms, minmay_misc_feat_rows
D:2:      layout_loops_cross
D:3:      layout_rooms, lemuel_doored_altar, mainiacjoe_overflow_two_lobes,
          nicolae_grassy_gnolls
D:4:      layout_basic, mainiacjoe_overflow_tiny_flanked,
          minmay_temple_entry_junction
D:5:      layout_basic, nicolae_uskayaw_dance_hall
D:6:      layout_basic, mainiacjoe_overflow_small_starburst
Temple:   nicolae_temple_two_arcs

Skill      XL: |  1  2  3  4  5  6  7 |
---------------+----------------------+-----
Hexes          | 4 5 |  5.2
Stealth        | 5 6 7 8 |  8.9
Dodging        | 3 4 5 |  5.5
Spellcasting   | 3 |  3.9
Short Blades   | 2 3 |  3.9
Fighting       | 1 |  1.1
Ice Magic      | |  0.7

Action                     |  1- 3 |  4- 6 |  7- 9 || total
---------------------------+-------+-------+-------++-------
  Melee: Dagger            |    61 |   113 |    51 ||   225
         Punch             |       |     1 |     1 ||     2
   Cast: Confusing Touch   |       |     2 |       ||     2
         Ensorcelled Hiber |       |     4 |     6 ||    10
    Use: Potion            |       |     1 |     5 ||     6
   Stab: Sleeping          |     3 |     8 |     2 ||    13
         Invisible         |       |       |     2 ||     2
 Armour: Robe              |     8 |     3 |     2 ||    13
         Skin              |       |       |     4 ||     4
  Dodge: Dodged            |    53 |   114 |    30 ||   197
